 Dungeon Crawl Stone Soup version 0.29-a0-541-gaf1fc19f1b (webtiles) character file.

Game seed: 7840058597154705346

1954 MechDurjaeses the Firebug (level 9, 0/67 HPs)
             Began as a Gnoll Wanderer on June 3, 2022.
             Was a Priest of Okawaru.
             Slain by a two-headed ogre
             ... wielding a +0 dire flail
              (29 damage)
             ... on level 7 of the Dungeon.
             The game lasted 00:29:55 (6414 turns).

MechDurjaeses the Firebug (Gnoll Wanderer)          Turns: 6414, Time: 00:29:56

Health: 0/67       AC: 13    Str: 17    XL:     9   Next: 19%
Magic:  16/16      EV: 14    Int: 13    God:    Okawaru [***...]
Gold:   369        SH:  0    Dex: 25    Spells: 7/18 levels left

rFire   + . .      SeeInvis .   J - +0 rapier
rCold   . . .      Faith    .   (no shield)
rNeg    . . .      Spirit   .   k - +4 ring mail
rPois   .          Reflect  .   t - +1 helmet of Zin's Inspiration {Str+4 Dex+6 Stlth-}
rElec   .          Harm     .   (no cloak)
rCorr   .          Rampage  .   (no gloves)
Will    .....                   Q - +0 pair of boots
Stlth   ++........              p - amulet of regeneration
HPRegen 1.01/turn               v - +6 ring of dexterity
MPRegen 0.15/turn               y - ring of protection from fire

@: no status effects
A: fangs 1, strong nose, distributed training
a: Renounce Religion, Heroism


You were on level 7 of the Dungeon.
You worshipped Okawaru.
Okawaru was most pleased with you.
You visited 2 branches of the dungeon, and saw 8 of its levels.

You collected 369 gold pieces.

Inventory:

Hand Weapons
 j - a +2 mace of draining
 E - a +0 dagger of draining
 H - a +2 short sword of chaos
 J - a +0 rapier (weapon)
 R - a +0 long sword
Missiles
 M - a curare-tipped dart (quivered)
 N - 6 poisoned darts
Armour
 c - a +0 robe
 k - a +4 ring mail (worn)
 t - the +1 helmet of Zin's Inspiration (worn) {Str+4 Dex+6 Stlth-}
   (You found it on level 2 of the Dungeon)

   Str:       It affects your strength (+4).
   Dex:       It affects your dexterity (+6).
   Stlth:     It makes you less stealthy.
 P - a +1 robe of willpower
 Q - a +0 pair of boots (worn)
Jewellery
 f - an amulet of reflection
 p - an amulet of regeneration (around neck)
 v - a +6 ring of dexterity (left hand)
 y - a ring of protection from fire (right hand)
 I - an amulet of magic regeneration
 L - an amulet of the acrobat
Wands
 z - a wand of digging (2)
 F - a wand of flame (29)
 O - a wand of iceblast (12)
Scrolls
 b - 6 scrolls of teleportation
 g - a scroll of immolation
 m - a scroll of amnesia {unknown}
 n - 2 scrolls of summoning
 o - a scroll of magic mapping
 q - a scroll of brand weapon {unknown}
 u - a scroll of silence {unknown}
 w - a scroll of blinking {unknown}
 x - 2 scrolls of enchant armour {unknown}
 A - 3 scrolls of noise {unknown}
 B - 3 scrolls of fog
 D - 2 scrolls of vulnerability {unknown}
 G - a scroll of poison
Potions
 d - 5 potions of might
 e - a potion of cancellation
 h - 2 potions of brilliance {unknown}
 i - 2 potions of heal wounds
 l - a potion of flight {unknown}
 r - a potion of degeneration {unknown}
 s - a potion of lignification {unknown}
 C - a potion of curing
 K - a potion of ambrosia {unknown}


   Skills:
 + Level 4.8 Fighting
 + Level 4.0 Short Blades
 + Level 4.0 Long Blades
 + Level 4.0 Axes
 + Level 4.0 Maces & Flails
 + Level 4.0 Polearms
 + Level 4.0 Staves
 + Level 4.0 Slings
 + Level 4.0 Bows
 + Level 4.0 Crossbows
 + Level 4.0 Throwing
 + Level 4.0 Armour
 + Level 4.8 Dodging
 + Level 4.0 Stealth
 + Level 4.0 Shields
 + Level 4.0 Unarmed Combat
 + Level 5.0 Spellcasting
 + Level 3.3 Conjurations
 + Level 6.4 Hexes
 + Level 3.3 Summonings
 + Level 3.3 Necromancy
 + Level 3.3 Translocations
 + Level 3.3 Transmutations
 + Level 6.4 Fire Magic
 + Level 3.3 Ice Magic
 + Level 3.3 Air Magic
 + Level 3.3 Earth Magic
 + Level 3.3 Poison Magic
 + Level 4.4 Invocations
 + Level 4.8 Evocations


You had 7 spell levels left.
You knew the following spells:

 Your Spells              Type           Power      Damage    Failure   Level
a - Slow                  Hex            80%        N/A       2%          1
b - Foxfire               Conj/Fire      60%        2x1d7     4%          1
c - Ensorcelled Hibernat  Hex/Ice        30%        N/A       7%          2
d - Freeze                Ice            44%        1d6       9%          1
e - Dazzling Flash        Conj/Hex       30%        N/A       13%         3
f - Frozen Ramparts       Ice            22%        1d4       26%         3

Your spell library contained the following spells:

 Spells                   Type           Power      Damage    Failure   Level
 Inner Flame              Hex/Fire       20%        N/A       7%          3
 Conjure Flame            Conj/Fire      15%        6-21      13%         3
 Ignite Poison            Fire/Tmut/Pois 14%        N/A       16%         3
 Sticky Flame             Conj/Fire      15%        2d4       41%         4
 Hailstorm                Conj/Ice       11%        3d5       63%         4
 Iskenderun's Mystic Bla  Conj/Tloc      11%        2d4       63%         4
 Silence                  Hex/Air        7%         N/A       77%         5
 Agony                    Necr           11%        N/A       93%         5
 Starburst                Conj/Fire      7%         6d4       100%        6
 Summon Guardian Golem    Hex/Summ       Unusable   N/A       N/A         3

Dungeon Overview and Level Annotations

Branches:
Dungeon (7/15)             Temple (1/1) D:4

Altars:
Ashenzari
Dithmenos
Elyvilon
Fedhas
Gozag
Hepliaklqana
Kikubaaqudgha
Makhleb
Nemelex Xobeh
Okawaru
Qazlal
Sif Muna
Trog
Uskayaw
Vehumet
Wu Jian
Xom
Yredelemnul
Zin
The Shining One

Shops:
D:4 (   D:6 [


Innate Abilities, Weirdness & Mutations

You have very sharp teeth.
Your uncanny sense of smell can sniff out nearby items.
Your experience applies equally to all skills.


Message History

An orc priest comes into view. It is wielding a +0 whip.
The orc priest hits you with a +0 falchion.
The orc priest shouts!
You puncture the orc priest!
You kill the orc priest!
Okawaru accepts your kill.
A two-headed ogre comes into view.
It is wielding a +0 dire flail and a +0 giant club.
You hit the orc priest.
The orc priest is moderately wounded.
The orc priest hits you with a +0 whip.
You puncture the orc priest!
You bite the orc priest, but do no damage.
The orc priest is severely wounded.
The orc priest looks braver for a moment.
You puncture the orc priest!
You kill the orc priest!
Okawaru accepts your kill.
Your Spellcasting skill increases to level 5!
Unknown command.
Throw: 2 darts (curare)
Press: ? - help, Q - select action, (/) - cycle Shift-Dir - straight line, f - two-headed ogre
Aim: a two-headed ogre, wielding a +0 dire flail and a +0 giant club (80% to hit)
You throw a curare-tipped dart.
The curare-tipped dart hits the two-headed ogre.
The two-headed ogre is poisoned.
The two-headed ogre convulses.
The two-headed ogre seems to slow down.
The two-headed ogre is lightly wounded.
You hit the two-headed ogre.
The two-headed ogre is moderately wounded.
The two-headed ogre hits you with a +0 dire flail.
The two-headed ogre hits you with a +0 giant club!!
You puncture the two-headed ogre!
The two-headed ogre is moderately wounded.
A white imp comes into view.
You hit the two-headed ogre.
You bite the two-headed ogre, but do no damage.
The two-headed ogre is moderately wounded.
The two-headed ogre hits you with a +0 dire flail!
The two-headed ogre hits you with a +0 giant club!!
You die...

*,* ***,*
,,,,* #****
####****
#5.,,,,*
#O#***,*
*** #####
#@# *,* ,,*
#...# #.#
**,*******
,,* #...#
#.#
*,,,,,,,,*
∆,* #...#
#.#
*,,,,,<,,*
,,*
#...#####.#
*,,,,,,,,*
***
#.........#
*,,,,,,,,*
#...#######
*,,,,,,,,*
#...#
**********
######
#.####


You could see a two-headed ogre (very poisoned, slow) and a white imp.

Vanquished Creatures
  Pikel (D:6)
  Grinder (D:5)
  Menkaure (D:6)
  An ogre (D:4)
  A lemure (D:6)
  A kobold brigand (D:5)
  A bullfrog (D:7)
  2 necrophages (D:7)
  A scorpion (D:5)
  5 electric eels
  A howler monkey (D:5)
  2 jellies
  A hound (D:3)
  4 orc priests
  3 iguanas
  3 orc wizards
  3 gnolls
  6 adders
  2 white imps
  3 ufetubi
  2 worms
  4 dart slugs
  9 orcs
  6 ball pythons
  7 endoplasms
  A giant cockroach (D:1)
  6 goblins
  5 hobgoblins
  2 jackals (D:1)
  4 quokkas
  9 bats
  5 frilled lizards
  16 kobolds
  5 rats
124 creatures vanquished.

Vanquished Creatures (collateral kills)
  3 lemures (D:6)
  A howler monkey (D:6)
  A jelly (D:6)
  An orc (D:6)
6 creatures vanquished.

Vanquished Creatures (others)
  A white imp (D:6)
  41 foxfires
  A plant (D:4)
43 creatures vanquished.

Grand Total: 173 creatures vanquished

Notes
Turn   | Place    | Note
-------+----------+-------------------------------------------
     0 | D:1      | MechDurjaeses the Gnoll Wanderer began the quest for the
                  | Orb.
     0 | D:1      | MechDurjaeses set off with the following items: a +0
                  | dagger, a scroll of teleportation, a +0 robe, a +0 helmet;
                  | and the following spells available to memorise: Slow,
                  | Foxfire, Inner Flame, Ensorcelled Hibernation, Summon
                  | Guardian Golem
     0 | D:1      | Reached XP level 1. HP: 17/17 MP: 4/4
     2 | D:1      | Learned a level 1 spell: Slow
     4 | D:1      | Learned a level 1 spell: Foxfire
   117 | D:1      | Reached XP level 2. HP: 7/23 MP: 1/5
   724 | D:1      | Found a faded altar of an unknown god.
   741 | D:1      | Reached XP level 3. HP: 28/28 MP: 7/7
   843 | D:1      | Learned a level 2 spell: Ensorcelled Hibernation
  1386 | D:1      | Reached skill level 1 in Invocations
  1394 | D:1      | Reached skill level 1 in Short Blades
  1394 | D:1      | Reached skill level 1 in Long Blades
  1394 | D:1      | Reached skill level 1 in Axes
  1394 | D:1      | Reached skill level 1 in Maces & Flails
  1394 | D:1      | Reached skill level 1 in Polearms
  1394 | D:1      | Reached skill level 1 in Staves
  1394 | D:1      | Reached skill level 1 in Slings
  1394 | D:1      | Reached skill level 1 in Bows
  1394 | D:1      | Reached skill level 1 in Crossbows
  1394 | D:1      | Reached skill level 1 in Throwing
  1394 | D:1      | Reached skill level 1 in Armour
  1394 | D:1      | Reached skill level 1 in Stealth
  1394 | D:1      | Reached skill level 1 in Shields
  1394 | D:1      | Reached skill level 1 in Unarmed Combat
  1481 | D:2      | Reached XP level 4. HP: 27/34 MP: 8/8
  1955 | D:2      | Identified the +1 helmet of Zin's Inspiration {Str+4 Dex+6
                  | Stlth-}
  2374 | D:3      | Reached skill level 1 in Conjurations
  2374 | D:3      | Reached skill level 1 in Summonings
  2374 | D:3      | Reached skill level 1 in Necromancy
  2374 | D:3      | Reached skill level 1 in Translocations
  2374 | D:3      | Reached skill level 1 in Transmutations
  2374 | D:3      | Reached skill level 1 in Ice Magic
  2374 | D:3      | Reached skill level 1 in Air Magic
  2374 | D:3      | Reached skill level 1 in Earth Magic
  2374 | D:3      | Reached skill level 1 in Poison Magic
  2403 | D:3      | Found a glowing silver altar of Zin.
  2405 | D:3      | Noticed an angel
  2416 | D:3      | Reached XP level 5. HP: 40/40 MP: 9/9
  2418 | D:3      | Found a shimmering altar of Xom.
  3004 | D:4      | Reached XP level 6. HP: 47/47 MP: 10/10
  3038 | D:4      | Found a staircase to the Ecumenical Temple.
  3047 | Temple   | Entered the Ecumenical Temple
  3228 | Temple   | Became a worshipper of Warmaster Okawaru
  3277 | D:4      | Found Rekasoro's Weapon Boutique.
  3364 | D:4      | Found a transporter.
  3508 | D:4      | Found a blossoming altar of Fedhas.
  3527 | D:4      | Found a transporter.
  3540 | D:4      | Found a basalt altar of Yredelemnul.
  3541 | D:4      | Found a bloodstained altar of Trog.
  4101 | D:4      | Reached XP level 7. HP: 52/52 MP: 12/12
  4463 | D:5      | Entered Level 5 of the Dungeon
  4749 | D:5      | Noticed Grinder
  4758 | D:5      | Paralysed by something for 4 turns
  4767 | D:5      | Paralysed by something for 2 turns
  4769 | D:5      | Killed Grinder
  4769 | D:5      | Reached * piety under Okawaru
  4770 | D:5      | Found a large runed translucent door.
  4770 | D:5      | Found a large runed translucent door.
  4770 | D:5      | Found a shimmering altar of Xom.
  4866 | D:5      | Reached XP level 8. HP: 58/60 MP: 14/14
  4948 | D:5      | Learned a level 1 spell: Freeze
  5286 | D:6      | Noticed Pikel
  5323 | D:6      | Found a white marble altar of Elyvilon.
  5393 | D:6      | Killed Pikel
  5393 | D:6      | Reached ** piety under Okawaru
  5498 | D:6      | Found a burning altar of Makhleb.
  5498 | D:6      | Found a stormy altar of Qazlal.
  5500 | D:6      | Found a hazy altar of Hepliaklqana.
  5501 | D:6      | Found a shimmering blue altar of Sif Muna.
  5594 | D:6      | Found Ukanismy's Antique Armour Boutique.
  5759 | D:6      | Noticed Menkaure
  5768 | D:6      | Killed Menkaure
  5769 | D:6      | Reached XP level 9. HP: 23/66 MP: 16/16
  5816 | D:6      | Learned a level 3 spell: Dazzling Flash
  5820 | D:6      | Learned a level 3 spell: Frozen Ramparts
  6096 | D:7      | Reached *** piety under Okawaru
  6407 | D:7      | Noticed a two-headed ogre
  6411 | D:7      | Reached skill level 5 in Spellcasting
  6414 | D:7      | Slain by a two-headed ogre

Illustrated notes

Levels and vault maps discovered:
D:1:      lemuel_arrival_behind_the_door_small, layout_loops_cross,
          ebering_ecumenical_altar_abandoned, serial_rivers,
          chequers_serial_rivers_large_a, chequers_serial_rivers_micro_b,
          chequers_serial_rivers_micro_a, chequers_serial_rivers_micro_c,
          chequers_serial_rivers_small_b, chequers_serial_rivers_small_3,
          minmay_misc_feat_cross
D:2:      minmay_spotlight, layout_loops_corners
D:3:      layout_rooms, grunt_temple_overflow_order_and_chaos_1
D:4:      gammafunk_steamed_eel, layout_loops_ring,
          mainiacjoe_overflow_divided_tiny, kennysheep_little_box,
          minmay_temple_entry_tees, serial_shops, shop,
          nicolae_elevator_lobby_asterisk
D:5:      due_chaos_kobolds, layout_gridville, uniq_grinder
D:6:      layout_rooms, mainiacjoe_overflow_alcove_3, lemuel_crystal_altar,
          serial_rivers, chequers_serial_rivers_small_a,
          chequers_serial_rivers_room_a, chequers_serial_rivers_micro_a,
          chequers_serial_rivers_micro_d, chequers_serial_rivers_micro_b,
          chequers_serial_rivers_micro_a, nicolae_wooded_promenade,
          uniq_menkaure, uniq_pikel
D:7:      layout_basic
Temple:   dpeg_chambers_temple

Skill      XL: |  1  2  3  4  5  6  7  8  9 |
---------------+----------------------------+-----
Invocations    | 1 2 3 4 |  4.4
Short Blades   | 1 2 3 4 |  4.0
Long Blades    | 1 2 3 4 |  4.0
Axes           | 1 2 3 4 |  4.0
Maces & Flails | 1 2 3 4 |  4.0
Polearms       | 1 2 3 4 |  4.0
Staves         | 1 2 3 4 |  4.0
Slings         | 1 2 3 4 |  4.0
Bows           | 1 2 3 4 |  4.0
Crossbows      | 1 2 3 4 |  4.0
Throwing       | 1 2 3 4 |  4.0
Armour         | 1 2 3 4 |  4.0
Stealth        | 1 2 3 4 |  4.0
Shields        | 1 2 3 4 |  4.0
Unarmed Combat | 1 2 3 4 |  4.0
Spellcasting   | 3 4 5 |  5.0
Conjurations   | 1 2 3 |  3.3
Summonings     | 1 2 3 |  3.3
Necromancy     | 1 2 3 |  3.3
Translocations | 1 2 3 |  3.3
Transmutations | 1 2 3 |  3.3
Ice Magic      | 1 2 3 |  3.3
Air Magic      | 1 2 3 |  3.3
Earth Magic    | 1 2 3 |  3.3
Poison Magic   | 1 2 3 |  3.3
Fighting       | 3 4 |  4.8
Dodging        | 3 4 |  4.8
Evocations     | 3 4 |  4.8
Hexes          | 6 |  6.4
Fire Magic     | 6 |  6.4

Action                   |  1- 3 |  4- 6 |  7- 9 || total
-------------------------+-------+-------+-------++-------
Melee: Dagger            |    66 |     1 |       ||    67
       Bite              |    16 |    11 |    25 ||    52
       Mace              |    53 |   110 |       ||   163
       Rapier            |       |    10 |   175 ||   185
       Punch             |       |       |     2 ||     2
Throw: Dart              |       |       |     1 ||     1
 Cast: Slow              |     6 |       |     1 ||     7
       Foxfire           |     4 |     1 |    18 ||    23
       Ensorcelled Hiber |     2 |       |       ||     2
Evoke: Wand              |       |     8 |     5 ||    13
  Use: Scroll            |       |     4 |     4 ||     8
       Potion            |       |       |     3 ||     3
 Stab: Sleeping          |     1 |       |       ||     1
       Invisible         |       |       |     1 ||     1
Armor: Robe              |     9 |       |       ||     9
       Ring mail         |    40 |    64 |    63 ||   167
Dodge: Dodged            |    83 |   106 |    99 ||   288
Block: Other             |       |       |     8 ||     8

Table legend: (Time is in decaauts)
 A = Elapsed time spent in this place.
 B = Non-inter-level travel time spent in this place.
 C = Inter-level travel time spent in this place.
 D = Time resting spent in this place.
 E = Time spent auto-exploring this place.
 F = Levels seen in this place.
 G = Mean time per level.
                   A        B        C        D        E       F      G
               +--------+--------+--------+--------+--------+-----+--------+
         Total |   6508 |   6065 |    443 |    912 |   3835 |   8 |  813.5 |
       Dungeon |   6279 |   5865 |    414 |    912 |   3646 |   7 |  897.0 |
        Temple |    228 |    199 |     29 |      0 |    189 |   1 |  228.0 |
               +--------+--------+--------+--------+--------+-----+--------+

Top non-repeatable levels by time:
     D:1: 1407 daAuts
     D:4: 1323 daAuts
     D:2: 1006 daAuts
     D:5: 750 daAuts
     D:6: 722 daAuts
     D:3: 571 daAuts
     D:7: 497 daAuts
  Temple: 228 daAuts
